 Dungeon Crawl Stone Soup version 0.21.1-1-g345015f (webtiles) character file.

63 goulibeur the Unweaver (level 3, -3/29 HPs)
             Began as a Demonspawn Abyssal Knight on July 12, 2018.
             Was a Follower of Lugonu.
             Splashed by a jelly's acid (4 damage)
             ... on level 3 of the Dungeon.
             The game lasted 00:04:50 (1420 turns).

goulibeur the Unweaver (Demonspawn Abyssal Knight)  Turns: 1420, Time: 00:04:51

Health: -3/29      AC:  0    Str: 15    XL:     3   Next: 89%
Magic:  5/6        EV: 12    Int: 13    God:    Lugonu [*.....]
Gold:   73         SH:  0    Dex: 13    Spells: 2/2 levels left

rFire    . . .     SeeInvis .   a - +1 short sword
rCold    . . .     Gourm    .   (no shield)
rNeg     . . .     Faith    .   p - +0 leather armour (curse)
rPois    +         Spirit   .   (no helmet)
rElec    .         Reflect  .   i - +0 cloak
rCorr    .         Harm     .   (no gloves)
MR       .....                  (no boots)
Stlth    +.........             (no amulet)
HPRegen  0.09/turn              k - ring of poison resistance
MPRegen  0.10/turn              m - +3 ring of strength

@: corroded
A: talons 1, powered by death 1
a: Depart the Abyss, Renounce Religion


You were on level 3 of the Dungeon.
You worshipped Lugonu.
Lugonu was aware of your devotion.
You were not hungry.

You visited 1 branch of the dungeon, and saw 3 of its levels.
You visited the Abyss 1 time.

You collected 73 gold pieces.

Inventory:

Hand Weapons
 a - a +1 short sword (weapon)
Armour
 b - a +0 leather armour
 e - a +0 chain mail
 i - a +0 cloak (worn)
 p - a cursed +0 leather armour (worn)
Jewellery
 k - a ring of poison resistance (left hand)
 l - an uncursed amulet of harm
 m - a +3 ring of strength (right hand)
Scrolls
 f - a scroll of teleportation
 g - 2 scrolls of magic mapping
 h - a scroll of noise {unknown}
 o - a scroll of enchant armour {unknown}
Potions
 j - a potion of curing {unknown}
 n - a potion of haste {unknown}
Comestibles
 c - 3 rations
 d - 16 chunks of flesh


   Skills:
 + Level 3.4 Fighting
 - Level 1.7 Short Blades
 + Level 2.3 Armour
 + Level 1.6 Dodging
 * Level 4.0 Invocations


You had 2 spell levels left.
You didn't know any spells.

Dungeon Overview and Level Annotations

Branches:
Dungeon (3/15)

Altars:
Dithmenos


Innate Abilities, Weirdness & Mutations

You have sharp toenails.
You regenerate a little health from kills.


Message History

You hit the hobgoblin.
You kill the hobgoblin!
Lugonu accepts your kill. The jelly hits you but does no damage.
The jelly hits you.
You are splashed with acid!
The acid burns!
Things that are here:
a dagger; a kobold corpse You hit the jelly.
Your hands burn!
* * * LOW HITPOINT WARNING * * *
The jelly is moderately wounded.
The jelly closely misses you.
You hit the jelly but do no damage.
Your hands burn!
* * * LOW HITPOINT WARNING * * *
The jelly is moderately wounded.
The jelly hits you.
* * * LOW HITPOINT WARNING * * *
You are splashed with acid!
The acid burns!
* * * LOW HITPOINT WARNING * * *
You hit the jelly. The acid corrodes you!
Your hands burn!
You die...

. # .. .# #. ... .
#.###.######## .... ##.
.......>J....##..... #..
........@†.......... #.#
####.#######.##....
#.########## #.# #
#.#........# #.#
##.#.######.######.#####
###.#..# #............#
#..###.# ########.###.#
#.#.#.## #.# #.##.## #..


You could see a jelly.

Vanquished Creatures
  2 adders (D:2)
  A dart slug (D:1)
  6 orcs (D:3)
  3 bats (D:1)
  3 giant cockroaches
  6 hobgoblins
  2 jackals (D:1)
  2 kobolds
  2 frilled lizards
  3 goblins (D:1)
  5 rats
35 creatures vanquished.

Notes
Turn   | Place    | Note
-------+----------+-------------------------------------------
     0 | Abyss:1  | goulibeur the Demonspawn Abyssal Knight began the quest for the Orb.
     0 | Abyss:1  | Reached XP level 1. HP: 18/18 MP: 2/2
    28 | Abyss:1  | Noticed a hellwing
    29 | D:1      | Escaped the Abyss
    81 | D:1      | Reached skill level 1 in Dodging
   249 | D:1      | Gained mutation: You have sharp toenails. [demonic ancestry]
   249 | D:1      | Reached XP level 2. HP: 24/24 MP: 4/4
   256 | D:1      | Reached * piety under Lugonu
   260 | D:1      | Reached skill level 3 in Invocations
   618 | D:2      | Gained mutation: You regenerate a little health from kills. [demonic ancestry]
   618 | D:2      | Reached XP level 3. HP: 29/29 MP: 5/5
   635 | D:2      | Found a shadowy altar of Dithmenos.
   704 | D:2      | Found a faded altar of an unknown god.
  1411 | D:3      | Reached skill level 4 in Invocations
  1419 | D:3      | HP: 1/29 [acid (5)]
  1420 | D:3      | Splashed by a jelly's acid

Skill      XL: |  1  2  3 |
---------------+----------+-----
Dodging        | 1 |  1.6
Invocations    | 3 4 |  4.0
Armour         | 2 |  2.3
Fighting       | |  3.4
Short Blades   | |  1.7

Action                   || total
-------------------------++-------
Melee: Short sword       ||   109
       Kick              ||    19
Invok: Depart the Abyss  ||     1
  Use: Scroll            ||     4
  Eat: Chunk             ||     2
Armor: Leather armour    ||    14
       Chain mail        ||    41
Dodge: Dodged            ||    42
